 Dungeon Crawl Stone Soup version 0.22-a0-93-g6b88ebb (webtiles) character file.

6134 Kavrick the Basher (level 10, 60/65 HPs)
             Began as a Gargoyle Fighter on Jan 7, 2018.
             Quit the game on level 9 of the Dungeon on Jan 23, 2018.
             The game lasted 00:18:56 (10613 turns).

Kavrick the Basher (Gargoyle Fighter)              Turns: 10613, Time: 00:18:56

Health: 60/65      AC: 21    Str: 22    XL:     10   Next: 89%
Magic:  10/10      EV:  7    Int: 10    God:
Gold:   620        SH: 11    Dex:  9    Spells: 9/9 levels left

rFire    . . .     SeeInvis +   a - +1 flail
rCold    . . .     Gourm    .   c - +0 shield
rNeg     + . .     Faith    .   m - +0 chain mail
rPois    ∞         Spirit   +   w - +2 helmet
rElec    +         Reflect  .   (no cloak)
rCorr    .         Harm     .   (no gloves)
MR       .....                  (no boots)
Stlth    ..........             A - amulet of guardian spirit
HPRegen  0.20/turn              (no ring)
MPRegen  0.12/turn              z - ring of see invisible

@: no status effects
A: negative energy resistance 1, electricity resistance, unbreathing,
petrification resistance, rot immunity, AC +7
a: no special abilities


You were on level 9 of the Dungeon.
You were not hungry.

You visited 1 branch of the dungeon, and saw 9 of its levels.

You collected 620 gold pieces.

Inventory:

Hand Weapons
 a - a +1 flail (weapon)
Armour
 c - a +0 shield (worn)
 m - a +0 chain mail (worn)
 w - a +2 helmet (worn)
Jewellery
 e - an uncursed ring of positive energy {unknown}
 g - an uncursed amulet of faith {unknown}
 h - an uncursed amulet of harm
 k - an uncursed ring of protection from cold {unknown}
 z - a ring of see invisible (right hand)
 A - an amulet of guardian spirit (around neck)
Wands
 l - a wand of random effects (55)
 B - a wand of digging (9)
 D - a wand of clouds (7)
 I - a wand of paralysis (7)
Scrolls
 b - a scroll of identify
 i - a scroll of amnesia
 j - 2 scrolls of fear
 n - 5 scrolls of teleportation
 o - a scroll of magic mapping
 y - 2 scrolls of enchant armour
 E - 4 scrolls of remove curse
Potions
 d - 2 potions of might
 p - 5 potions of agility
 q - 4 potions of heal wounds
 r - 3 potions of curing
 s - 2 potions of invisibility
 u - a potion of mutation {unknown}
 v - a potion of magic {unknown}
 x - 4 potions of degeneration
 C - a potion of haste
 F - 2 potions of ambrosia
 G - a potion of cancellation {unknown}
 H - a potion of flight {unknown}
Comestibles
 f - 11 rations
 t - 3 chunks of flesh


   Skills:
 + Level 8.6 Fighting
 * Level 10.3 Maces & Flails
 + Level 8.6 Armour
 + Level 8.6 Shields


You had 9 spell levels left.
You didn't know any spells.

Dungeon Overview and Level Annotations

Branches:
Dungeon (9/15)               Lair (0/6) D:9
 Temple: D:4-7          Orc: D:9-12

Altars:
Dithmenos
Elyvilon
Ru

Shops:
D:8 [

Annotations:
D:6 Klosterheim's ghost, novice TrMo


Innate Abilities, Weirdness & Mutations

You are resistant to torment.
Your stone body is resilient. (AC +7)
You are immune to poison.
You resist negative energy. (rN+)
You are resistant to electric shocks. (rElec)
You can survive without breathing.
You are immune to petrification.
You are immune to rotting.


Message History

q - 4 potions of heal wounds (gained 1) Done exploring.
Done exploring.
No target in view!
Done exploring.
Saving game... please wait.
Welcome back, Kavrick the Gargoyle Fighter.
Press ? for a list of commands and other information.
Saving game... please wait.
Welcome back, Kavrick the Gargoyle Fighter.
Press ? for a list of commands and other information.
No monsters, items or features are visible.
Welcome back, Kavrick the Gargoyle Fighter.
Press ? for a list of commands and other information.
Welcome back, Kavrick the Gargoyle Fighter.
Press ? for a list of commands and other information.
Saving game... please wait.
Welcome back, Kavrick the Gargoyle Fighter.
Press ? for a list of commands and other information.
Are you sure you want to abandon this character and quit the game? (Confirm with "yes".)

########### #.........#
###############.........#
...........##...@.......#
...).......##.#.........#
..)).......##.#.........#
..........(+..#.........#
...........##########.###
#####'###### #..# #..##
##.### ##...## #...# ###
##.....## ##########'##
###..


There were no monsters in sight!

Vanquished Creatures
  A two-headed ogre (D:9)
  The ghost of Amnesiac the Stormcaller, a novice TeAE of Ashenzari (D:9)
  An elephant (D:9)
  Psyche (D:9)
  A troll (D:9)
  A hippogriff (D:8)
  Eustachio (D:4)
  A hungry ghost (D:7)
  Duvessa (D:4)
  2 orc warriors (D:8)
  An ice beast (D:8)
  A sky beast (D:6)
  A black bear (D:8)
  5 ogres
  3 centaurs
  A crocodile (D:9)
  Blork the orc (D:4)
  2 bullfrogs
  Dowan (D:4)
  2 scorpions
  7 killer bees (D:9)
  3 wights (D:7)
  3 howler monkeys
  3 electric eels (D:7)
  A jelly (D:9)
  A crimson imp (D:8)
  4 orc priests
  2 centaur skeletons
  6 hounds
  Crazy Yiuf (D:2)
  11 orc wizards
  Terence (D:2)
  Natasha (D:2)
  3 iguanas
  7 worker ants
  A hound zombie (D:5)
  A hound skeleton (D:8)
  4 gnolls (D:5)
  2 howler monkey zombies
  A howler monkey skeleton (D:5)
  11 adders
  2 shadow imps (D:9)
  2 adder skeletons
  3 worms
  7 dart slugs
  15 leopard geckos
  24 orcs
  3 ball pythons (D:3)
  3 bats
  7 giant cockroaches
  6 hobgoblins
  4 jackals (D:9)
  8 kobolds
  3 quokkas
  3 frilled lizards
  3 goblins
  4 rats
200 creatures vanquished.

Vanquished Creatures (others)
  2 dart slugs (D:7)
2 creatures vanquished.

Grand Total: 202 creatures vanquished

Notes
Turn   | Place    | Note
-------+----------+-------------------------------------------
     0 | D:1      | Kavrick the Gargoyle Fighter began the quest for the Orb.
     0 | D:1      | Reached XP level 1. HP: 14/14 MP: 1/1
   233 | D:1      | Reached XP level 2. HP: 19/19 MP: 2/2
   930 | D:2      | Noticed Terence
   942 | D:2      | Killed Terence
   942 | D:2      | Reached XP level 3. HP: 11/24 MP: 3/3
  1119 | D:2      | Found a faded altar of an unknown god.
  1148 | D:2      | Reached skill level 3 in Maces & Flails
  1325 | D:2      | Reached XP level 4. HP: 29/29 MP: 4/4
  1656 | D:2      | Noticed Natasha
  1664 | D:2      | Killed Natasha
  1877 | D:2      | Found a runed door.
  2353 | D:2      | Noticed Crazy Yiuf
  2358 | D:2      | Killed Crazy Yiuf
  2358 | D:2      | Reached XP level 5. HP: 16/33 MP: 5/5
  3483 | D:4      | Reached skill level 4 in Maces & Flails
  3576 | D:4      | Reached XP level 6. HP: 36/39 MP: 6/6
  3687 | D:4      | Found a sacrificial altar of Ru.
  3790 | D:4      | Reached XP level 7. HP: 44/44 MP: 7/7
  3960 | D:4      | Noticed Eustachio
  4014 | D:4      | Killed Eustachio
  4014 | D:4      | Reached skill level 5 in Fighting
  4014 | D:4      | Reached skill level 5 in Maces & Flails
  4014 | D:4      | Reached skill level 5 in Armour
  4014 | D:4      | Reached skill level 5 in Shields
  4173 | D:4      | Noticed Blork the orc
  4200 | D:4      | Killed Blork the orc
  4459 | D:4      | Noticed Dowan
  4461 | D:4      | Noticed Duvessa
  4478 | D:4      | Killed Duvessa
  4489 | D:4      | Killed Dowan
  4489 | D:4      | Reached XP level 8. HP: 23/49 MP: 8/8
  4658 | D:4      | Upgraded the game from 0.22-a0-48-g8770677 to 0.22-a0-63-geddfa9b
  4666 | D:5      | Entered Level 5 of the Dungeon
  4677 | D:5      | Reached skill level 6 in Maces & Flails
  5785 | D:6      | Noticed Klosterheim's ghost (novice TrMo)
  6135 | D:6      | Found a white marble altar of Elyvilon.
  6291 | D:6      | HP: 1/51 [Klosterheim's ghost (12)]
  6355 | D:6      | HP: 1/51 [Klosterheim's ghost (11)]
  6810 | D:6      | Reached skill level 7 in Maces & Flails
  7332 | D:7      | Reached XP level 9. HP: 41/56 MP: 9/9
  7543 | D:7      | Paralysed by fainting for 7 turns
  7551 | D:7      | Paralysed by fainting for 10 turns
  7857 | D:7      | Reached skill level 8 in Maces & Flails
  8396 | D:7      | Upgraded the game from 0.22-a0-63-geddfa9b to 0.22-a0-69-g116c2a8
  8855 | D:8      | Found Yxtuthri's Antique Armour Emporium.
  9048 | D:8      | Reached skill level 9 in Maces & Flails
  9048 | D:8      | Reached XP level 10. HP: 25/63 MP: 5/10
  9427 | D:9      | Noticed a two-headed ogre
  9700 | D:9      | Noticed an elephant
  9702 | D:9      | Found a staircase to the Lair.
  9723 | D:9      | Killed an elephant
  9751 | D:8      | Noticed a two-headed ogre
 10051 | D:9      | Noticed a two-headed ogre
 10066 | D:9      | Killed a two-headed ogre
 10116 | D:9      | Noticed Psyche
 10130 | D:9      | Killed Psyche
 10159 | D:9      | Found a shadowy altar of Dithmenos.
 10216 | D:9      | Reached skill level 10 in Maces & Flails
 10510 | D:9      | Noticed Amnesiac's ghost (novice TeAE)
 10531 | D:9      | Killed Amnesiac's ghost
 10613 | D:9      | Upgraded the game from 0.22-a0-69-g116c2a8 to 0.22-a0-91-g23542c2
 10613 | D:9      | Upgraded the game from 0.22-a0-91-g23542c2 to 0.22-a0-93-g6b88ebb
 10613 | D:9      | Quit the game

Vault maps used:
D:1:      shiori_arrival_elements
D:2:      chequers_ecumenical_altar_simple_redux, first_ration, uniq_natasha,
          uniq_crazy_yiuf_cottage, uniq_terence
D:4:      minmay_stone_trees_small, nicolae_ru_sacrificial_ziggurat,
          uniq_blork_the_orc, uniq_duvessa, uniq_eustachio
D:6:      minmay_temple_entry_large_hall, elyvilon_altar_4
D:7:      kennysheep_slugbush, chequers_ossuary_entry_cave
D:8:      serial_shops, nicolae_shop_crystal
D:9:      nicolae_dithmenos_shadow_blocks, david_lair_generic, uniq_psyche

Skill      XL: |  1  2  3  4  5  6  7  8  9 10 |
---------------+-------------------------------+-----
Maces & Flails | 3 4 5 7 9 10 | 10.3
Fighting       | 4 5 6 7 8 |  8.6
Armour         | 4 5 6 7 8 |  8.6
Shields        | 4 5 6 7 8 |  8.6

Action                   |  1- 3 |  4- 6 |  7- 9 | 10-12 || total
-------------------------+-------+-------+-------+-------++-------
Melee: Flail             |    72 |   267 |   593 |   299 ||  1231
  Use: Potion            |       |       |     1 |       ||     1
       Scroll            |       |       |    16 |       ||    16
  Eat: Chunk             |     1 |     9 |    16 |     6 ||    32
       Ration            |       |       |     4 |       ||     4
Armor: Scale mail        |    21 |       |       |       ||    21
       Chain mail        |     9 |   157 |   309 |   206 ||   681
Dodge: Dodged            |    19 |    46 |   118 |    90 ||   273
Block: Shield            |    31 |   120 |   243 |   232 ||   626

Table legend:
 A = Spawn XP
 B = Non-spawn XP
 C = Spawn XP percentage of total XP
 D = Spawn monster count
 E = Non-spawn monster count
 F = Spawn count percentage of total count
 G = Total turns spent on level
                    A         B        C        D         E        F      G
               +---------+---------+-------+---------+---------+-------+---------
         Total |       0 |    8763 |   0.0 |       0 |     200 |   0.0 | 10613
               +---------+---------+-------+---------+---------+-------+---------
           D:1 |       0 |      28 |   0.0 |       0 |      14 |   0.0 |   930
           D:2 |       0 |     158 |   0.0 |       0 |      19 |   0.0 |  1652
           D:3 |       0 |      91 |   0.0 |       0 |      21 |   0.0 |   895
           D:4 |       0 |     938 |   0.0 |       0 |      21 |   0.0 |  1189
           D:5 |       0 |     405 |   0.0 |       0 |      17 |   0.0 |  1553
           D:6 |       0 |     617 |   0.0 |       0 |      16 |   0.0 |   929
           D:7 |       0 |     901 |   0.0 |       0 |      25 |   0.0 |  1259
           D:8 |       0 |    1826 |   0.0 |       0 |      33 |   0.0 |  1029
           D:9 |       0 |    3799 |   0.0 |       0 |      34 |   0.0 |  1177
               +---------+---------+-------+---------+---------+-------+---------
